 Dungeon Crawl Stone Soup version 0.31-a0-844-gdc52ec4 (webtiles) character file.

Game seed: 16316560805946611906

699479 bignoob the Axe Maniac (level 27, -5/409 HPs)
             Began as a Hill Orc Berserker on Sept 24, 2023.
             Was a High Priest of the Shining One.
             Succumbed to something's dark miasma
             ... on level 1 of the Tomb of the Ancients on Sept 28, 2023.
             The game lasted 03:37:12 (64037 turns).

bignoob the Axe Maniac (Hill Orc Berserker)        Turns: 64037, Time: 03:37:13

Health: -5/409     AC: 45    Str: 34 (43) XL:     27
Magic:  8/37       EV: 18    Int: -3 (10) God:    the Shining One [*****.]
Gold:   1517       SH: 33    Dex:  9 (14) Spells: 26/26 levels left

rFire   + + .        K - +9 broad axe (holy)
rCold   + + +        q - +5 kite shield {AC+3}
rNeg    + + +        J - +10 gold dragon scales
rPois   +            p - +3 helmet of Diasseutse {Will+}
rElec   .            A - scarf {rC+ rF+}
rCorr   .            h - +2 pair of gloves {Stlth+}
SInv    .            i - +0 pair of boots of Kuteazer {Regen+ Str+2}
Will    +++..        c - macabre finger necklace {Finger+ rN+} Stlth
                     R - +6 ring of dexterity
HPRegen 1.68/turn    V - ring "Mewe" {rPois rC+ EV+5 Str+4}
MPRegen 0.25/turn    L - +4 ring of slaying

%: clarity
@: berserking (expiring), lethally poisoned (-5 -> -62), divinely shielded,
marked, slowed, lost intelligence, glowing, studying 2 skills, unable to read
A: claws 1, clarity, clever 1, deformed body, deterioration 2, strong 1, subdued
magic 1
}: 5/15 runes: decaying, serpentine, slimy, silver, abyssal
a: Renounce Religion, Divine Shield, Cleansing Flame, Summon Divine Warrior


You were on level 1 of the Tomb of the Ancients.
You worshipped the Shining One.
The Shining One was extremely pleased with you.
You visited 12 branches of the dungeon, and saw 55 of its levels.
You visited the Abyss 1 time.
You also visited: Gauntlet and Ice Cave.

You collected 9041 gold pieces.
You spent 4671 gold pieces at shops.
You donated 2853 gold pieces to Zin.

Inventory:

Hand Weapons
 K - a +9 broad axe of holy wrath (weapon)
 Z - the +10 broad axe "Uxashrurch" {heavy, Will+}
   (Trog gifted it to you on level 2 of the Pits of Slime)

   Will+:     It increases your willpower.
Missiles
 a - 18 curare-tipped darts
 b - 12 silver javelins
 m - 8 throwing nets
 y - 36 boomerangs (quivered)
 U - 12 javelins
Armour
 h - a +2 pair of gloves of stealth (worn)
 i - the +0 pair of boots of Kuteazer (worn) {Regen+ Str+2}
   (You found it on level 5 of the Vaults)

   Str+2:     It affects your strength (+2).
   Regen+:    It increases your rate of health regeneration.
 p - the +3 helmet of Diasseutse (worn) {Will+}
   (You found it on level 1 of the Lair of Beasts)

   Will+:     It increases your willpower.
 q - a +5 kite shield of protection (worn)
 A - a scarf of resistance (worn)
 J - +10 gold dragon scales (worn)
Jewellery
 c - the macabre finger necklace (around neck) {Finger+ rN+}
   (You found it on level 11 of the Dungeon)

   [amulet of nothing]

   Finger+:   It enables you to equip an extra ring.
   rN+:       It protects you from negative energy.
 L - a +4 ring of slaying (on amulet)
 R - a +6 ring of dexterity (left hand)
 S - a +6 ring of dexterity
 V - the ring "Mewe" (right hand) {rPois rC+ EV+5 Str+4}
   (You took it off an ironbound preserver on level 5 of the Vaults)

   [ring of evasion]

   EV+5:      It affects your evasion (+5).
   Str+4:     It affects your strength (+4).
   rC+:       It protects you from cold.
   rPois:     It protects you from poison
Wands
 t - a wand of roots (103)
 z - a wand of digging (14)
 B - a wand of light (58)
 D - a wand of polymorph (40)
 H - a wand of mindburst (45)
 M - a wand of paralysis (67)
 N - a wand of flame (150)
Scrolls
 d - 7 scrolls of silence
 e - 5 scrolls of teleportation
 f - 5 scrolls of revelation
 n - 6 scrolls of fog
 o - 7 scrolls of blinking
 u - 10 scrolls of vulnerability
 C - 11 scrolls of fear
 G - 10 scrolls of immolation
 I - 2 scrolls of summoning
 Q - 10 scrolls of poison
Potions
 g - 9 potions of lignification
 j - 11 potions of haste
 k - 9 potions of resistance
 l - 3 potions of berserk rage
 r - 6 potions of invisibility
 s - 4 potions of attraction
 v - 9 potions of enlightenment
 x - 4 potions of cancellation
 E - 9 potions of mutation
 O - 6 potions of might
 P - 13 potions of curing
 T - 6 potions of magic
 W - a potion of heal wounds
 X - 3 potions of ambrosia
Miscellaneous
 w - a phantom mirror
 F - a box of beasts
 Y - a phial of floods


   Skills:
 O Level 27 Fighting
 O Level 27 Axes
 + Level 13.0 Throwing
 + Level 26.5 Armour
 + Level 19.5 Dodging
 + Level 19.8 Shields
 + Level 20.0 Invocations


You had 26 spell levels left.
You didn't know any spells.
Your spell library contained the following spells:

 Spells                   Type           Power      Damage    Failure   Level
 Dazzling Flash           Conj/Hex       0%         N/A       100%        3
 Chain Lightning          Conj/Air       0%         N/A       100%        9


Dungeon Overview and Level Annotations

Branches:
Dungeon (15/15)            Temple (1/1) D:4            Lair (5/5) D:10
  Swamp (4/4) Lair:2        Snake (4/4) Lair:3        Slime (5/5) Lair:4
    Orc (2/2) D:12            Elf (0/3) Orc:2        Vaults (5/5) D:14
  Crypt (3/3) Vaults:3       Tomb (2/3) Crypt:3      Depths (4/4) D:15
    Zot (5/5) Depths:4      IceCv (visited)         Gauntlet (visited)

Altars:
Ashenzari
Cheibriados
Dithmenos
Elyvilon
Fedhas
Gozag
Hepliaklqana
Kikubaaqudgha
Makhleb
Nemelex Xobeh
Okawaru
Qazlal
Ru
Sif Muna
Trog
Uskayaw
Vehumet
Wu Jian
Xom
Yredelemnul
Zin
The Shining One
Beogh
Jiyva

Shops:
D:5 ?   D:10 *   D:12 (*   Orc:2 ([[?   Vaults:3 ?*   Vaults:4 [

Portals:
Hell: Depths:1 Depths:2 Depths:3 Depths:4
Abyss: Depths:1 Depths:3 Depths:4
Pandemonium: Depths:2
Ziggurat: Depths:4

Annotations:
D:4 1 runed translucent door, Crazy Yiuf
Temple 2 transporters


Innate Abilities, Weirdness & Mutations

You have sharp fingernails.
You possess an exceptional clarity of mind.
Your mind is acute. (Int +4, Str/Dex -1)
Armour fits poorly on your strangely shaped body.
Your body often deteriorates upon taking damage.
Your muscles are strong. (Str +4, Int/Dex -1)
Your spells are a little easier to cast, but a little less powerful.


Message History

You feel very sick.
The royal mummy gestures wildly while chanting. x2
Unknown command.
You slice the royal mummy!!
You destroy the royal mummy!
The Shining One accepts your kill.
You feel better.
You feel your power returning.
The death scarab disappears in a puff of smoke! x2
You feel extremely nervous for a moment...
You are engulfed in negative energy!
You resist.
You are engulfed in dark miasma.
You are more poisoned.
You feel as though you will be slow longer.
* * * LOW HITPOINT WARNING * * *
x2 You feel extremely sick.
The royal mummy gestures wildly while chanting.
The royal mummy casts a spell.
You feel your dexterity returning.
You slice the death scarab!!
The death scarab convulses!!
You destroy the death scarab!
The death scarab's corpse disappears in a puff of smoke!
You are engulfed in dark miasma.
You feel as though you will be slow longer.
* * * LOW HITPOINT WARNING * * *
x2 You feel extremely sick.
An ushabti comes into view.
The royal mummy mumbles some strange words.
You slice the royal mummy!!
The royal mummy convulses!
The royal mummy is moderately damaged.
You are engulfed in dark miasma.
You are more poisoned.
* * * LOW HITPOINT WARNING * * *
x2 You feel extremely sick.
Unknown command.
You carve the royal mummy like a ham!!!
The royal mummy convulses!!!
The royal mummy is severely damaged.
You are engulfed in dark miasma.
You are more poisoned.
* * * LOW HITPOINT WARNING * * *
You die...

.........⌠.⌠.....................
.................................
.................................
.................................
........8...8....................
...?.............................
#######.......##################.
******#.8...8.#####************#.
,,*,,*#.......##@.#^,,,*,,,*,,*#.
,,*,,*#.......##.M#§,,,*,,,*,,*#.
,,+***#.8...8.####BB§....,,+***#.
,,,,^*#.......#*,§BMB§...,,,,,*#.
,,,,,*#.......#*,,§BB.9..,,,,,*#.
,,,,,*#.8...8.#***.B.....,,,***#.
,,^,,*#.......#*,^.......,,,,,*#.
,^,,,*#.......#*^,.....(.,,,,,*#.
,,+***#.8...8.#***'9.....,,+***#.


You could see 2 royal mummies, an ushabti and 7 death scarabs.

Vanquished Creatures
  7 dread liches
  Khufu (Crypt:1)
  Mara (Swamp:3)
  6 orbs of fire
  3 ancient liches
  Mennas (Vaults:4)
  2 juggernauts
  Sojobo (Depths:3)
  12 royal mummies
  The ghost of Jorghuwk the Minotaur Barricade, a veteran MiCA of Jiyva (Depths:1)
  Frederick (Depths:4)
  6 Killer Klowns (Zot:5)
  Xtahua (Crypt:1)
  Margery (Depths:1)
  Saint Roka (Orc:2)
  11 golden dragons
  Norris (Vaults:4)
  2 curse toes
  Jory (Vaults:5)
  The ghost of steven32 the Warrior, an adept DjEE of Fedhas (Swamp:4)
  the Enchantress (Depths:3)
  6 electric golems
  22 tentacled monstrosities
  Jorgrun (D:13)
  A bone dragon (Depths:4)
  Zenata (Crypt:1)
  24 Orb Guardians (Zot:5)
  8 titans
  5 liches
  5 quicksilver dragons
  15 sphinxes
  16 acid blobs
  6 death cobs
  6 tentacled starspawn
  7 ancient champions
  An Executioner (Vaults:2)
  3 revenants
  Donald (Snake:2)
  9 draconian monks
  15 nagarajas (Snake:4)
  18 storm dragons
  8 tengu reavers
  Aizul (Snake:4)
  14 shadow dragons
  9 draconian knights
  7 rockslimes
  Roxanne (Swamp:3)
  An iron dragon (Depths:3)
  A fenstrider witch (Swamp:3)
  A deep elf sorcerer (Vaults:5)
  10 draconian scorchers
  11 azure jellies
  5 fire giants
  11 vault wardens
  7 frost giants
  4 ghost moths (Zot:5)
  Louise (Snake:2)
  6 draconian shifters
  2 curse skulls
  An orc warlord (Vaults:3)
  8 draconian annihilators
  An angel (Depths:4)
  3 cacodemons
  2 reapers
  4 formless jellyfish
  A caustic shrike skeleton (Crypt:3)
  4 draconian stormcallers
  16 ghouls
  6 quicksilver oozes
  17 ironbound preservers
  4 war gargoyles
  23 very ugly things
  5 spriggan defenders
  7 ironbound thunderhulks
  12 green draconians
  An eleionoma (shapeshifter) (Vaults:5)
  15 stone giants
  14 red draconians
  A lorocyproca (Abyss:3)
  26 vampire knights
  14 dire elephants
  5 bennus
  16 black draconians
  4 bunyips
  14 purple draconians
  A minotaur (Gauntlet)
  9 eleionomae
  8 yellow draconians
  10 white draconians
  4 eidola
  17 ettins
  2 spark wasps
  A green death (Abyss:3)
  5 deep elf death magi
  13 jiangshi
  2 merfolk impalers (D:14)
  10 mummy priests
  5 fire dragons (Depths:2)
  A crystal guardian (Vaults:2)
  A deep elf high priest (Vaults:5)
  3 shambling mangroves
  11 yaktaur captains
  26 vault guards
  2 peacekeepers
  5 rakshasas
  2 fenstrider witch zombies (Crypt:3)
  An entropy weaver (shapeshifter) (Vaults:5)
  A spriggan zombie (Crypt:1)
  5 ogre magi
  8 great orbs of eyes
  10 ice dragons
  23 hydras
  3 salamander tyrants
  A sphinx zombie (Crypt:2)
  4 catoblepae
  6 spriggan air magi
  Erica (D:9)
  4 death knights
  2 ghost crabs
  A merfolk avatar (Lair:5)
  13 centaur warriors
  2 spriggan skeletons
  10 boulder beetles
  4 ironbound frosthearts
  12 alligators
  4 anacondas
  7 satyrs
  8 deep troll earth magi
  15 two-headed ogres
  2 dancing weapons
  2 fenstrider witch skeletons
  13 naga warriors
  40 death scarabs
  A demonic crawler (Abyss:3)
  9 deep troll shamans
  7 spriggan berserkers
  6 thrashing horrors (Abyss:3)
  2 titan zombies (Tomb:1)
  2 tengu warriors
  10 death yaks
  An orc high priest (Orc:2)
  11 naga sharpshooters
  17 vampire magi
  A soul eater (Crypt:1)
  7 shock serpents
  Nergalle (Orc:1)
  A shadow wraith (Abyss:3)
  5 wretched stars
  A goliath frog (shapeshifter) (Vaults:5)
  12 hell knights
  4 salamander mystics
  12 iron trolls
  2 deep elf knights (Depths:3)
  A sixfirhy (Abyss:3)
  5 storm dragon zombies (Crypt:3)
  7 skysharks
  3 goliath frogs
  A golden dragon zombie (Crypt:3)
  30 skeletal warriors
  A sea snake (shapeshifter) (D:15)
  47 deep trolls
  2 sea snakes (Snake:4)
  4 spriggan druids
  A death drake (Abyss:4)
  A deep elf archer (D:14)
  A shadow demon (Abyss:3)
  8 flayed ghosts
  A bunyip zombie (Abyss:3)
  11 bog bodies
  4 naga ritualists
  12 ironbound convokers
  A golden dragon skeleton (Vaults:4)
  8 lindwurms
  11 swamp dragons
  7 glowing orange brains
  3 deep elf pyromancers
  10 necromancers
  23 phantasmal warriors
  6 wizards
  16 large abominations
  2 anaconda skeletons
  3 harpies
  10 orc knights
  2 shining eyes (Slime:5)
  5 orc sorcerers
  2 fauns (Depths:3)
  9 mana vipers
  A sphinx simulacrum (Vaults:4)
  An alligator skeleton (Crypt:2)
  A shining eye (shapeshifter) (Vaults:5)
  A wolf spider (D:11)
  34 ugly things
  6 manticores
  A salamander (shapeshifter) (Vaults:5)
  5 will-o-the-wisps
  A draconian zombie (Crypt:3)
  16 salamanders
  5 centaur zombies
  9 elephants
  2 stone giant skeletons
  2 oklob plants (Lair:4)
  An iron dragon skeleton (Crypt:3)
  24 moths of wrath
  3 naga zombies
  12 cyclopes
  9 naga magi
  2 worldbinders (Abyss:3)
  14 vault sentinels
  4 guardian serpents
  39 black mambas
  An apocalypse crab (Abyss:3)
  A dire elephant zombie (Crypt:3)
  A titan simulacrum (Crypt:2)
  2 shock serpent zombies (Crypt:1)
  An eye of devastation (Slime:2)
  A torpor snail (Lair:4)
  A rust devil (Depths:2)
  An elephant slug zombie (Crypt:3)
  4 centaur skeletons
  6 rime drakes
  2 gargoyles
  3 orange demons
  2 unseen horrors
  A dire elephant skeleton (Crypt:2)
  2 smoke demons
  An ice statue (IceCv)
  An unseen horror (shapeshifter) (D:15)
  10 cane toads
  5 efreet
  4 catoblepas skeletons (Abyss:4)
  2 hellions
  8 kobold demonologists
  An alligator snapping turtle skeleton (Crypt:3)
  An anaconda simulacrum (IceCv)
  5 freezing wraiths
  2 ice devils
  2 tengu conjurers
  A white draconian zombie (Crypt:3)
  7 komodo dragons
  29 yaktaurs
  A minotaur skeleton (Crypt:1)
  2 hydra zombies (Swamp:4)
  6 ancient zymes
  40 guardian mummies
  3 meliai (D:15)
  2 merfolk (shapeshifter) (Vaults:5)
  A yaktaur skeleton (Vaults:4)
  9 tyrant leeches
  2 harpy zombies (Crypt:3)
  A meliai (shapeshifter) (Vaults:5)
  8 polar bears
  A polar bear (shapeshifter) (Depths:3)
  A bloated husk (Swamp:3)
  2 wind drakes (Lair:5)
  A wind drake (shapeshifter) (D:11)
  A tarantella (shapeshifter) (Abyss:3)
  25 hornets
  7 trolls
  12 blink frogs
  2 wolf spider simulacra
  A deep troll zombie (Vaults:4)
  A dream sheep (shapeshifter) (Depths:4)
  A blink frog (shapeshifter) (D:15)
  14 raiju
  A boulder beetle zombie (Crypt:1)
  A snapping turtle (Lair:5)
  9 dream sheep
  59 slime creatures
  24 flying skulls
  6 wraiths
  A yak (shapeshifter) (D:15)
  A shapeshifter (Depths:4)
  22 spriggans
  2 shadows
  4 wyverns
  An ettin skeleton (Abyss:4)
  11 ushabtiu
  2 ynoxinuls (Abyss:3)
  A centaur simulacrum (D:14)
  56 starcursed masses
  41 yaks
  25 vampires
  A golden eye (shapeshifter) (D:14)
  3 golden eyes (Slime:1)
  Grum (D:9)
  3 chaos spawn (Depths:4)
  25 vampire mosquitoes
  A fire elemental (D:12)
  5 basilisks
  5 neqoxecs (Abyss:3)
  4 death yak simulacra (IceCv)
  15 swamp worms
  4 steam dragons
  4 acid dragons
  2 harpy simulacra
  25 nagas
  4 wargs
  A glowing shapeshifter zombie (Vaults:4)
  13 water moccasins
  A hydra simulacrum (IceCv)
  2 floating eyes
  A floating eye (shapeshifter) (Depths:4)
  2 naga skeletons
  6 black bears
  A swamp dragon zombie (Crypt:2)
  9 swamp drakes (Swamp:4)
  2 ice beasts (D:6)
  40 orc warriors
  11 ogres
  A wolf (shapeshifter) (Abyss:3)
  21 wolves
  8 centaurs
  A dream sheep skeleton (Crypt:3)
  8 kobold brigands
  A phantom (D:6)
  Blork the orc (D:4)
  21 small abominations
  2 rime drake skeletons
  13 bullfrogs
  4 necrophages
  6 two-headed ogre simulacra (IceCv)
  A scorpion (D:7)
  A gnoll sergeant (D:12)
  7 earth elementals (Abyss:4)
  A cane toad simulacrum (IceCv)
  An elf skeleton (Crypt:2)
  9 wights
  A yak zombie (Crypt:1)
  An elephant simulacrum (IceCv)
  5 killer bees
  A yak skeleton (Crypt:2)
  10 howler monkeys
  A bullfrog zombie (Crypt:1)
  2 electric eels
  5 lava snakes
  2 hounds (D:6)
  2 quasits (Abyss:3)
  A human zombie (Crypt:1)
  24 orc priests
  4 iguanas
  3 iron imps (Abyss:3)
  2 human skeletons (Crypt:1)
  A sleepcap (D:4)
  Terence (D:3)
  27 orc wizards
  A basilisk skeleton (Crypt:3)
  2 polar bear simulacra (IceCv)
  5 troll simulacra (IceCv)
  7 spriggan simulacra
  A killer bee zombie (Crypt:2)
  3 wolf simulacra (IceCv)
  A deep dwarf skeleton (Crypt:1)
  30 mummies
  6 adders
  20 gnolls
  5 naga simulacra (IceCv)
  A shadow imp (D:8)
  7 white imps
  3 ufetubi
  An adder skeleton (Crypt:3)
  A jelly zombie (Crypt:1)
  A lava snake zombie (Crypt:2)
  3 worms
  2 dart slugs (D:3)
  91 orcs
  4 ball pythons
  8 bats
  4 endoplasms
  4 giant cockroaches
  9 goblins
  11 hobgoblins
  3 quokkas
  A ball python skeleton (Crypt:3)
  5 frilled lizards
  21 kobolds
  An orc zombie (Crypt:1)
  8 rats
  A lurking horror (Abyss:3)
  A spectral weapon (Swamp:1)
  7 starspawn tentacles (Abyss:3)
2648 creatures vanquished.

Vanquished Creatures (collateral kills)
  the Royal Jelly (Slime:5)
  5 royal mummies (Tomb:1)
  Parghit (Zot:4)
  An electric golem (Zot:5)
  An Orb Guardian (Zot:5)
  An acid blob (Slime:5)
  A draconian shifter (Zot:5)
  A white draconian (Depths:4)
  A bennu (Tomb:1)
  The ghost of Johankok the Severer, a journeyman DrBe of Trog (D:14)
  A merfolk javelineer (D:14)
  A ghost crab (Gauntlet)
  A naga warrior (Snake:4)
  A naga sharpshooter (Snake:3)
  A salamander mystic (Snake:4)
  A salamander (Snake:3)
  2 manticores (Lair:3)
  A guardian serpent (Snake:4)
  A naga mage (Snake:4)
  A guardian mummy (Tomb:2)
  A spriggan (Depths:3)
  2 ushabtiu (Tomb:2)
  2 mummies (Tomb:2)
30 creatures vanquished.

Vanquished Creatures (others)
  A shadow dragon (Depths:4)
  A draconian knight (Zot:3)
  A fire giant (Depths:4)
  A bloated husk (Swamp:4)
  A harpy simulacrum (Abyss:4)
  3 large abominations (Abyss:4)
  4 small abominations
  A howler monkey simulacrum (D:9)
  16 foxfires
  2 lurking horrors
  9 starspawn tentacles (Abyss:3)
40 creatures vanquished.

Grand Total: 2718 creatures vanquished

Notes
Turn   | Place    | Note
-------+----------+-------------------------------------------
     0 | D:1      | bignoob the Hill Orc Berserker began the quest for the Orb.
     0 | D:1      | Reached XP level 1. HP: 19/19 MP: 1/1
   189 | D:1      | Reached XP level 2. HP: 4/27 MP: 2/2
   659 | D:1      | Reached XP level 3. HP: 31/33 MP: 3/3
  1572 | D:2      | Reached skill level 5 in Axes
  1572 | D:2      | Reached XP level 4. HP: 40/40 MP: 4/4
  1939 | D:3      | Reached ** piety under Trog
  1948 | D:3      | Reached XP level 5. HP: 45/47 MP: 5/5
  1955 | D:3      | Noticed Terence
  1963 | D:3      | Killed Terence
  1972 | D:3      | Found a sacrificial altar of Ru.
  2475 | D:4      | Reached XP level 6. HP: 55/55 MP: 6/6
  2564 | D:4      | Found a staircase to the Ecumenical Temple.
  2572 | D:4      | Reached skill level 5 in Fighting
  2615 | D:4      | Noticed Blork the orc
  2630 | D:4      | Killed Blork the orc
  2641 | D:4      | Found a glowing golden altar of the Shining One.
  2688 | D:4      | Found a runed translucent door.
  2689 | D:4      | Noticed Crazy Yiuf
  3076 | D:5      | Entered Level 5 of the Dungeon
  3088 | D:5      | Reached XP level 7. HP: 61/61 MP: 7/7
  3267 | D:5      | Identified the +0 robe of Thoughtfulness {Str+3}
  3308 | D:5      | Found Mybraedi's Magic Scroll Emporium.
  3316 | D:5      | Bought a scroll of fear for 60 gold pieces
  3316 | D:5      | Bought a scroll of teleportation for 45 gold pieces
  3771 | D:5      | Reached *** piety under Trog
  4219 | D:6      | Reached XP level 8. HP: 65/70 MP: 8/8
  4355 | D:6      | Identified the +7 hand axe of Makhleb's Inspiration {heavy,
                  | Int+4}
  4381 | D:6      | Reached skill level 5 in Armour
  4506 | D:6      | Found a stormy altar of Qazlal.
  4750 | D:7      | Reached skill level 10 in Axes
  4750 | D:7      | Reached XP level 9. HP: 79/79 MP: 9/9
  4771 | D:7      | Identified a scroll of acquirement
  4922 | D:7      | Acquired 1169 gold pieces
  4945 | D:7      | Upgraded the game from 0.31-a0-831-g143b1e8 to
                  | 0.31-a0-836-g3ceb0a6
  5456 | D:8      | Found a blossoming altar of Fedhas.
  5696 | D:9      | Noticed Grum
  5700 | D:9      | Reached skill level 5 in Dodging
  5708 | D:9      | Killed Grum
  5780 | D:9      | Reached **** piety under Trog
  5790 | D:9      | Reached XP level 10. HP: 59/89 MP: 10/10
  5821 | D:9      | Noticed Erica
  5834 | D:9      | Killed Erica
  5960 | D:9      | Found an iron altar of Okawaru.
  6189 | D:9      | Noticed a centaur warrior
  6198 | D:9      | Killed a centaur warrior
  6327 | D:10     | Entered Level 10 of the Dungeon
  6337 | D:10     | Killed an unseen horror
  6365 | D:10     | Found Amomug's Assorted Antiques.
  6370 | D:10     | Bought a scroll labelled YLOMOMUUCW for 33 gold pieces
  6370 | D:10     | Bought a curved silver wand for 132 gold pieces
  6408 | D:10     | Noticed a death yak
  6409 | D:10     | Noticed a death yak
  6409 | D:10     | Noticed a death yak
  6409 | D:10     | Noticed a death yak
  6413 | D:10     | Noticed a death yak
  6419 | D:10     | Killed a death yak
  6420 | D:10     | Killed a death yak
  6421 | D:10     | Reached XP level 11. HP: 99/99 MP: 11/11
  6422 | D:10     | Killed a death yak
  6422 | D:10     | Killed a death yak
  6425 | D:10     | Killed a death yak
  6426 | D:10     | Reached skill level 10 in Fighting
  6469 | D:10     | Found a staircase to the Lair.
  6580 | D:10     | Reached skill level 15 in Axes
  6738 | D:10     | Noticed a two-headed ogre
  6738 | D:10     | Noticed a two-headed ogre
  6743 | D:10     | Killed a two-headed ogre
  6746 | D:10     | Killed a two-headed ogre
  6759 | D:10     | Reached XP level 12. HP: 108/108 MP: 12/12
  6865 | D:10     | Noticed a two-headed ogre
  6998 | D:10     | Killed a two-headed ogre
  7567 | D:11     | Noticed a centaur warrior
  7567 | D:11     | Noticed a boulder beetle
  7590 | D:11     | Killed a centaur warrior
  7591 | D:11     | Reached skill level 10 in Armour
  7657 | Lair:1   | Entered Level 1 of the Lair of Beasts
  7657 | Lair:1   | Found a gate leading to a gauntlet.
  7663 | Gauntlet | Entered a Gauntlet
  7663 | Gauntlet | Found a runed translucent door.
  7663 | Gauntlet | Found a transporter.
  7663 | Gauntlet | Found a runed translucent door.
  7663 | Gauntlet | Found a transporter.
  7672 | Gauntlet | Found a transporter.
  7676 | Gauntlet | Found a transporter.
  7676 | Gauntlet | Found a transporter.
  7676 | Gauntlet | Found a transporter.
  7689 | Gauntlet | Found a runed translucent door.
  7703 | Gauntlet | Found a transporter.
  7706 | Gauntlet | Found a transporter.
  7714 | Gauntlet | Found a transporter.
  7729 | Gauntlet | Noticed a ghost crab
  7730 | Gauntlet | Found a transporter.
  7745 | Gauntlet | Found a transporter.
  7749 | Gauntlet | Found a transporter.
  7954 | Gauntlet | Killed a ghost crab
  7961 | Gauntlet | Identified the ring "Ebu Huish" {rCorr Int+6}
  7975 | Gauntlet | Noticed a minotaur
  7997 | Gauntlet | Killed a minotaur
  8454 | Lair:1   | Identified the +3 leather armour of Insecurity {Dex+5}
  8660 | Lair:1   | Identified the +3 helmet of Diasseutse {Will+}
  8964 | Lair:2   | Reached XP level 13. HP: 118/118 MP: 13/13
  9057 | Lair:2   | Identified the +0 ring mail of Zaducikh {rF+++ Will- Str-5
                  | Dex+4}
  9197 | Lair:2   | Found a frozen archway.
  9214 | IceCv    | Entered an ice cave
  9517 | IceCv    | Noticed a reaper
  9534 | IceCv    | Killed a reaper
  9917 | Lair:2   | You fall into a shaft and drop 2 floors!
  9963 | Lair:3   | Reached ***** piety under Trog
 10467 | Lair:2   | Found a staircase to the Swamp.
 11358 | Lair:3   | Found a staircase to the Snake Pit.
 11883 | Lair:4   | Found a viscous altar of Jiyva.
 11884 | Lair:4   | Found a staircase to the Slime Pits.
 11902 | Lair:4   | Reached XP level 14. HP: 88/129 MP: 14/14
 12185 | Lair:5   | Entered Level 5 of the Lair of Beasts
 12567 | Lair:5   | Reached skill level 1 in Throwing
 13642 | D:11     | Received a gift from Trog
 13965 | D:11     | Found an ancient bone altar of Kikubaaqudgha.
 14210 | D:11     | Reached XP level 15. HP: 136/139 MP: 15/15
 14324 | D:11     | Reached skill level 15 in Fighting
 14357 | D:11     | Noticed a fire giant
 14383 | D:11     | Found the +8 arc blade {discharge, rElec}
 14383 | D:11     | Found the macabre finger necklace {Finger+ rN+}
 14391 | D:11     | Killed a fire giant
 14444 | D:11     | Noticed a sphinx
 14451 | D:11     | Killed a sphinx
 14649 | D:12     | Found Siocekh's Antique Weapon Boutique.
 14662 | D:12     | Found Foewnelu's Assorted Antiques.
 14672 | D:12     | Bought a scroll of teleportation for 87 gold pieces
 14672 | D:12     | Bought a runed broad axe for 203 gold pieces
 14672 | D:12     | Bought a scroll of teleportation for 87 gold pieces
 14672 | D:12     | Bought a scroll of teleportation for 87 gold pieces
 14674 | D:12     | Upgraded the game from 0.31-a0-836-g3ceb0a6 to
                  | 0.31-a0-842-gdad65c7
 14805 | D:12     | Reached skill level 5 in Throwing
 15271 | D:12     | Found a staircase to the Orcish Mines.
 15581 | Orc:1    | Entered Level 1 of the Orcish Mines
 15690 | Orc:1    | Received a gift from Trog
 15704 | Orc:1    | Noticed Nergalle
 15720 | Orc:1    | Killed Nergalle
 15957 | Orc:2    | Entered Level 2 of the Orcish Mines
 16143 | Orc:2    | Found a staircase to the Elven Halls.
 16596 | Orc:2    | Found a roughly hewn altar of Beogh.
 16705 | Orc:2    | Noticed Saint Roka
 16718 | Orc:2    | Received a gift from Trog
 16732 | Orc:2    | Found Uhufurr's Antique Weapon Boutique.
 16736 | Orc:2    | Found a roughly hewn altar of Beogh.
 16749 | Orc:2    | Killed Saint Roka
 16828 | Orc:2    | Found Supuveof's Antique Armour Shop.
 16892 | Orc:2    | Found a roughly hewn altar of Beogh.
 16951 | Orc:2    | Found a roughly hewn altar of Beogh.
 16952 | Orc:2    | Found Inlonk's Magic Scroll Shop.
 16958 | Orc:2    | Reached ****** piety under Trog
 16968 | Orc:2    | Bought 3 scrolls of enchant armour for 225 gold pieces
 16968 | Orc:2    | Bought a scroll of identify for 20 gold pieces
 16968 | Orc:2    | Bought a scroll of identify for 20 gold pieces
 17088 | Orc:2    | Found a roughly hewn altar of Beogh.
 17088 | Orc:2    | Found Talidgh's Armour Shop.
 17512 | D:13     | Found a sparkling altar of Nemelex Xobeh.
 17537 | D:13     | Noticed Jorgrun
 17557 | D:13     | Upgraded the game from 0.31-a0-842-gdad65c7 to
                  | 0.31-a0-843-g427724c
 17788 | D:13     | Killed Jorgrun
 18224 | D:14     | Reached XP level 16. HP: 151/151 MP: 16/16
 18235 | D:14     | Received a gift from Trog
 18273 | D:14     | Identified the +5 ring mail of Howling Wind {rElec}
 18304 | D:14     | Found a gate to the Vaults.
 18578 | D:14     | Found a runed translucent gate.
 18580 | D:14     | Found a runed translucent gate.
 18581 | D:14     | Found a runed translucent gate.
 18582 | D:14     | Noticed Johankok's ghost (journeyman DrBe)
 19140 | D:14     | Found an iron altar of Okawaru.
 19167 | D:15     | Entered Level 15 of the Dungeon
 19174 | D:15     | Reached skill level 15 in Armour
 19252 | D:15     | Found an opulent altar of Gozag.
 19345 | D:15     | Found a staircase to the Depths.
 19902 | D:14     | Killed Johankok's ghost
 20129 | Snake:1  | Entered Level 1 of the Snake Pit
 20649 | Snake:1  | Reached XP level 17. HP: 159/161 MP: 17/17
 20651 | Snake:1  | Identified the +6 quarterstaff of Dismay {heavy, Drain
                  | +Blink Dex+2}
 20799 | Snake:1  | Identified the +10 long sword "Jaras" {speed, rC+++}
 21907 | Snake:2  | Identified the +13 battleaxe "Doally" {heavy, Dex+3} (Trog
                  | gifted it to you on level 2 of the Snake Pit)
 21907 | Snake:2  | Received a gift from Trog
 22347 | Snake:2  | Noticed Louise
 22361 | Snake:2  | Killed Louise
 22449 | Snake:2  | Noticed Donald
 22462 | Snake:2  | Killed Donald
 22996 | Snake:3  | Found a basalt altar of Yredelemnul.
 23689 | Snake:4  | Entered Level 4 of the Snake Pit
 23739 | Snake:4  | Noticed Aizul
 23748 | Snake:4  | Killed Aizul
 23972 | Snake:4  | Identified the +7 war axe of Extremism {heavy, *Corrode
                  | rElec Str+3} (Trog gifted it to you on level 4 of the Snake
                  | Pit)
 23972 | Snake:4  | Received a gift from Trog
 24106 | Snake:4  | Got a serpentine rune of Zot
 24415 | Snake:4  | Reached XP level 18. HP: 168/173 MP: 18/18
 24497 | Snake:4  | Reached skill level 10 in Dodging
 24583 | Snake:4  | Identified the +0 scale mail of the Sun {Drain Str+6}
 24668 | Snake:4  | Received a gift from Trog
 24669 | Snake:4  | Reached skill level 10 in Throwing
 25192 | Swamp:1  | Entered Level 1 of the Swamp
 26228 | Swamp:1  | Received a gift from Trog
 26947 | Swamp:3  | Noticed Mara
 26948 | Swamp:3  | Noticed bignoob's illusion
 26957 | Swamp:3  | Killed Mara
 26975 | Swamp:3  | Reached XP level 19. HP: 183/183 MP: 19/19
 27049 | Swamp:3  | Noticed Roxanne
 27065 | Swamp:3  | Killed Roxanne
 27314 | Swamp:4  | Entered Level 4 of the Swamp
 27661 | Swamp:4  | Received a gift from Trog
 27820 | Swamp:4  | Got a decaying rune of Zot
 27919 | Swamp:4  | Found a runed translucent gate.
 27920 | Swamp:4  | Found a runed translucent gate.
 27921 | Swamp:4  | Found a runed translucent gate.
 27923 | Swamp:4  | Noticed steven32's ghost (adept DjEE)
 28422 | Swamp:4  | Killed steven32's ghost
 28432 | Swamp:4  | Identified the +1 scale mail of Pragmatism {Will+ rCorr}
 28752 | Vaults:1 | Entered Level 1 of the Vaults
 29869 | Vaults:1 | Paralysed by a formless jellyfish for 1 turns
 29873 | Vaults:1 | Received a gift from Trog
 30192 | Vaults:2 | Reached XP level 20. HP: 110/193 MP: 20/20
 30988 | Vaults:2 | Received a gift from Trog
 31004 | Vaults:2 | Identified the ring "Ullats" {Wiz rC- Str+3 SInv}
 31012 | Vaults:2 | Identified the ring "Atzanusu" {rCorr Dex+5}
 31048 | Vaults:2 | Identified the +5 whip of Sirouh {flame, rF+ rN+}
 31049 | Vaults:2 | Identified the +2 whip of Acuodiemp {heavy, rPois}
 31144 | Vaults:2 | Upgraded the game from 0.31-a0-843-g427724c to
                  | 0.31-a0-844-gdc52ec4
 31875 | Vaults:3 | Found a staircase to the Crypt.
 31975 | Vaults:3 | Found Ane Qyg's General Store.
 31983 | Vaults:3 | Bought a scroll of teleportation for 57 gold pieces
 31983 | Vaults:3 | Bought a scroll of teleportation for 57 gold pieces
 32132 | Vaults:3 | Received a gift from Trog
 32135 | Vaults:3 | Identified the +3 rapier of Unpleasantness {drain, rC-
                  | Will+ Str+5 Dex+3}
 32390 | Vaults:3 | Paralysed by a formless jellyfish for 1 turns
 32395 | Vaults:3 | Paralysed by a formless jellyfish for 1 turns
 32538 | Vaults:3 | Found Xedam's Magic Scroll Shop.
 32544 | Vaults:3 | Bought a scroll of revelation for 157 gold pieces
 32544 | Vaults:3 | Bought a scroll of teleportation for 63 gold pieces
 32544 | Vaults:3 | Bought a scroll of blinking for 157 gold pieces
 32544 | Vaults:3 | Bought a scroll of fog for 84 gold pieces
 32544 | Vaults:3 | Bought a scroll of teleportation for 63 gold pieces
 32544 | Vaults:3 | Bought a scroll of teleportation for 63 gold pieces
 33053 | Vaults:4 | Reached XP level 21. HP: 175/204 MP: 21/21
 33122 | Vaults:4 | Found Gitethov's Armour Shoppe.
 33146 | Vaults:4 | Bought the +0 chain mail of the Gate {rC+ Will+ Str+4
                  | Stlth+} for 706 gold pieces
 33506 | Vaults:4 | Received a gift from Trog
 33633 | Vaults:4 | Noticed Mennas
 33654 | Vaults:4 | Killed Mennas
 33750 | Vaults:4 | Noticed Norris
 33766 | Vaults:4 | Killed Norris
 34378 | Depths:1 | Entered Level 1 of the Depths
 34378 | Depths:1 | Found a runed translucent door.
 34379 | Depths:1 | Noticed Jorghuwk's ghost (veteran MiCA)
 34399 | Depths:1 | Killed Jorghuwk's ghost
 34705 | Depths:1 | Found a one-way gate to the infinite horrors of the Abyss.
 34910 | Depths:1 | Identified the +5 battleaxe of the Penguin {heavy, rN+
                  | Str+3} (Trog gifted it to you on level 1 of the Depths)
 34910 | Depths:1 | Received a gift from Trog
 35203 | Depths:1 | Found a gateway to Hell.
 35203 | Depths:1 | Noticed Margery
 35221 | Depths:1 | Killed Margery
 35605 | Depths:2 | You fall into a shaft and drop 1 floor!
 35648 | Depths:3 | Reached skill level 27 in Axes
 35653 | Depths:3 | Reached XP level 22. HP: 204/208 MP: 22/22
 36061 | Depths:2 | Received a gift from Trog
 37027 | Depths:2 | Found a one-way gate leading to the halls of Pandemonium.
 37028 | Depths:2 | Gained mutation: Your spells are a little easier to cast,
                  | but a little less powerful. [a cacodemon]
 37184 | Depths:3 | Noticed a juggernaut
 37190 | Depths:3 | Killed a juggernaut
 37213 | Depths:3 | Identified the ring of Cowardice {Fire +Blink Int+4 Slay+2
                  | Stlth-}
 37242 | Depths:3 | Received a gift from Trog
 37723 | Depths:3 | Noticed Sojobo
 37732 | Depths:3 | Killed Sojobo
 38367 | Depths:3 | Noticed the Enchantress
 38370 | Depths:3 | Reached XP level 23. HP: 128/224 MP: 23/23
 38387 | Abyss:3  | Cast into level 3 of the Abyss (the Enchantress)
 38500 | Abyss:3  | Paralysed by accursed screaming for 1 turns
 38505 | Abyss:3  | Received a gift from Trog
 38593 | Abyss:3  | Paralysed by accursed screaming for 1 turns
 38625 | Abyss:3  | Gained mutation: You occasionally lose the ability to drink
                  | potions when taking damage. [a neqoxec]
 38732 | Abyss:3  | Reached skill level 15 in Dodging
 38794 | Abyss:3  | Gained mutation: You are dopey. (Int -2) [a neqoxec]
 38808 | Abyss:3  | Gained mutation: Your body sometimes deteriorates upon
                  | taking damage. [a neqoxec]
 38858 | Abyss:3  | Noticed an ancient lich
 38866 | Abyss:3  | Killed an ancient lich
 38875 | Abyss:3  | Gained mutation: You have hidden genetic defects. [a
                  | neqoxec]
 38880 | Abyss:3  | Lost mutation: You are dopey. (Int -2) [potion of mutation]
 38880 | Abyss:3  | Lost mutation: You have hidden genetic defects. [potion of
                  | mutation]
 38880 | Abyss:3  | Gained mutation: You are partially covered in iridescent
                  | scales. (AC +2) [potion of mutation]
 38880 | Abyss:3  | Gained mutation: You possess an exceptional clarity of
                  | mind. [potion of mutation]
 38880 | Abyss:3  | Gained mutation: You are strong-willed. (Will+) [potion of
                  | mutation]
 38880 | Abyss:3  | Gained mutation: You expend magic power (3 MP) to
                  | strengthen your wands. [potion of mutation]
 38886 | Abyss:3  | Noticed a dread lich
 38897 | Abyss:3  | Killed a dread lich
 38922 | Abyss:3  | Received a gift from Trog
 39047 | Abyss:3  | Paralysed by accursed screaming for 1 turns
 39275 | Abyss:3  | Received a gift from Trog
 39336 | Abyss:3  | Gained mutation: You have hidden genetic defects. [a
                  | cacodemon]
 39487 | Abyss:4  | Got an abyssal rune of Zot
 39606 | Abyss:4  | Lost mutation: You occasionally lose the ability to drink
                  | potions when taking damage. [potion of mutation]
 39606 | Abyss:4  | Lost mutation: Your spells are much easier to cast, but
                  | much less powerful. [potion of mutation]
 39606 | Abyss:4  | Lost mutation: Your body often deteriorates upon taking
                  | damage. [potion of mutation]
 40123 | Depths:3 | Escaped the Abyss
 40355 | Depths:3 | Killed the Enchantress
 40383 | Depths:3 | Found the +9 sword of Power {lifebolt}
 40609 | Depths:4 | Entered Level 4 of the Depths
 40625 | Depths:4 | Received a gift from Trog
 40631 | Depths:4 | Gained mutation: Your body sometimes deteriorates upon
                  | taking damage. [hidden defects]
 40974 | Depths:4 | Found a gate to the Realm of Zot.
 41003 | Depths:4 | Reached XP level 24. HP: 50/231 MP: 23/23
 41067 | Depths:4 | Gained mutation: You are vulnerable to cold. (rC-) [hidden
                  | defects]
 41067 | Depths:4 | Lost mutation: You have hidden genetic defects. [hidden
                  | defects expressed]
 41073 | Depths:4 | Received a gift from Trog
 41219 | Depths:4 | Found a one-way gateway to a ziggurat.
 41394 | Depths:4 | Noticed Frederick
 41402 | Depths:4 | Noticed a juggernaut
 41409 | Depths:4 | Killed Frederick
 41412 | Depths:4 | Killed a juggernaut
 42541 | D:12     | Bought the +3 warlock's mirror {omnireflect} for 1160 gold
                  | pieces
 42541 | D:12     | Found the +3 warlock's mirror {omnireflect}
 42742 | Vaults:5 | Entered Level 5 of the Vaults
 42746 | Vaults:5 | HP: 11/242 [spore (16)]
 42800 | Vaults:5 | Noticed a dread lich
 42802 | Vaults:5 | Noticed a dread lich
 42807 | Vaults:5 | Noticed an ancient lich
 42815 | Vaults:5 | HP: 18/364 [Ice Fiend[a dread lich] (52)]
 42820 | Vaults:5 | HP: 13/364 [something (1)]
 42940 | Vaults:5 | Noticed Jory
 42954 | Vaults:5 | Killed Jory
 42966 | Vaults:5 | Received a gift from Trog
 42993 | Vaults:5 | Reached skill level 5 in Shields
 43123 | Vaults:4 | Killed a dread lich
 43290 | Vaults:5 | Noticed a dread lich
 43295 | Vaults:5 | Killed a dread lich
 43308 | Vaults:4 | Killed an ancient lich
 43393 | Vaults:5 | Killed a dread lich
 44582 | Vaults:5 | Identified the ring "Mewe" {rPois rC+ EV+5 Str+4}
 44638 | Vaults:5 | Received a gift from Trog
 44969 | Vaults:5 | Noticed a dread lich
 44991 | Vaults:5 | Reached XP level 25. HP: 233/245 MP: 8/23
 44992 | Vaults:5 | Killed a dread lich
 45748 | Vaults:5 | Identified the staff "Kapenurr" {rPois rN++ SInv Poison}
 45795 | Vaults:5 | Got a silver rune of Zot
 45808 | Vaults:5 | Identified the +0 pair of boots of Kuteazer {Regen+ Str+2}
 46093 | D:12     | Bought a scroll of enchant armour for 217 gold pieces
 46406 | Zot:1    | Entered Level 1 of the Realm of Zot
 46786 | D:5      | Bought a scroll of revelation for 112 gold pieces
 46786 | D:5      | Bought a scroll of revelation for 112 gold pieces
 46786 | D:5      | Bought a scroll of enchant weapon for 112 gold pieces
 46786 | D:5      | Bought a scroll of enchant weapon for 112 gold pieces
 47293 | Zot:1    | Reached skill level 10 in Shields
 48379 | Zot:2    | Received a gift from Trog
 48989 | Zot:2    | Noticed an orb of fire
 48990 | Zot:2    | Gained mutation: You are very vulnerable to cold. (rC--)
                  | [an orb of fire]
 49010 | Zot:2    | Killed an orb of fire
 50199 | Orc:2    | Bought a +2 cloak of preservation for 365 gold pieces
 51315 | Zot:4    | Received a gift from Trog
 51316 | Zot:4    | Reached XP level 26. HP: 250/264 MP: 23/23
 51360 | Zot:4    | Noticed Parghit
 51406 | Zot:4    | Killed Parghit
 52408 | Orc:2    | Bought a scroll of enchant armour for 75 gold pieces
 53298 | Zot:4    | Reached skill level 27 in Fighting
 53831 | Zot:5    | Entered Level 5 of the Realm of Zot
 53919 | Zot:5    | Identified the +8 battleaxe "Pybabui" {antimagic, rC- rCorr
                  | Str+2} (Trog gifted it to you on level 5 of the Realm of
                  | Zot)
 53919 | Zot:5    | Received a gift from Trog
 54069 | Zot:5    | Reached skill level 15 in Shields
 54619 | Zot:5    | Noticed an orb of fire
 54622 | Zot:5    | Noticed a Killer Klown
 54623 | Zot:5    | Noticed a Killer Klown
 54625 | Zot:5    | Noticed a dread lich
 54625 | Zot:5    | Gained mutation: Your body often deteriorates upon taking
                  | damage. [an orb of fire]
 54628 | Zot:5    | Gained mutation: You occasionally lose the ability to read
                  | scrolls when taking damage. [an orb of fire]
 54640 | Zot:5    | Killed a dread lich
 54640 | Zot:5    | Killed a Killer Klown
 54643 | Zot:5    | Killed an orb of fire
 54646 | Zot:5    | Killed a Killer Klown
 54647 | Zot:5    | Reached XP level 27. HP: 231/273 MP: 23/23
 54656 | Zot:5    | Noticed an orb of fire
 54796 | Zot:5    | Identified the +7 rapier of Feoho {heavy, Str+3}
 54927 | Zot:5    | Noticed an orb of fire
 54928 | Zot:5    | Noticed an ancient lich
 55043 | Zot:5    | Killed an ancient lich
 55047 | Zot:5    | Noticed an orb of fire
 55053 | Zot:5    | Noticed a dread lich
 55060 | Zot:5    | Lost mutation: You are partially covered in iridescent
                  | scales. (AC +2) [an orb of fire]
 55267 | Zot:5    | Noticed an orb of fire
 55268 | Zot:5    | Gained mutation: Your spells are a little easier to cast,
                  | but a little less powerful. [an orb of fire]
 55276 | Zot:5    | Gained mutation: You are frail. (-10% HP) [an orb of fire]
 55316 | Zot:5    | Lost mutation: You are frail. (-10% HP) [potion of
                  | mutation]
 55316 | Zot:5    | Lost mutation: You occasionally lose the ability to read
                  | scrolls when taking damage. [potion of mutation]
 55316 | Zot:5    | Lost mutation: You expend magic power (3 MP) to strengthen
                  | your wands. [potion of mutation]
 55317 | Zot:5    | Lost mutation: You are very vulnerable to cold. (rC--)
                  | [potion of mutation]
 55317 | Zot:5    | Lost mutation: Your spells are a little easier to cast, but
                  | a little less powerful. [potion of mutation]
 55317 | Zot:5    | Lost mutation: You are vulnerable to cold. (rC-) [potion of
                  | mutation]
 55317 | Zot:5    | Gained mutation: Your mind is acute. (Int +4, Str/Dex -1)
                  | [potion of mutation]
 55317 | Zot:5    | Gained mutation: Your muscles are strong. (Str +4, Int/Dex
                  | -1) [potion of mutation]
 55382 | Zot:5    | Gained mutation: Armour fits poorly on your strangely
                  | shaped body. [an orb of fire]
 55383 | Zot:5    | Gained mutation: You are frail. (-10% HP) [an orb of fire]
 55387 | Zot:5    | Gained mutation: Your spells are a little easier to cast,
                  | but a little less powerful. [an orb of fire]
 55395 | Zot:5    | Killed an orb of fire
 55399 | Zot:5    | Killed an orb of fire
 55400 | Zot:5    | Killed an orb of fire
 55590 | Zot:5    | Gained mutation: You have hidden genetic defects. [an orb
                  | of fire]
 55600 | Zot:5    | Killed an orb of fire
 55617 | Zot:5    | Killed a dread lich
 55618 | Zot:5    | Lost mutation: You are frail. (-10% HP) [potion of
                  | mutation]
 55618 | Zot:5    | Lost mutation: You are strong-willed. (Will+) [potion of
                  | mutation]
 55618 | Zot:5    | Lost mutation: You have hidden genetic defects. [potion of
                  | mutation]
 55618 | Zot:5    | Gained mutation: You have sharp fingernails. [potion of
                  | mutation]
 56323 | Slime:1  | Entered Level 1 of the Pits of Slime
 56385 | Slime:2  | Identified the +10 broad axe "Uxashrurch" {heavy, Will+}
                  | (Trog gifted it to you on level 2 of the Pits of Slime)
 56385 | Slime:2  | Received a gift from Trog
 56447 | Slime:5  | Entered Level 5 of the Pits of Slime
 56506 | Slime:5  | Noticed the Royal Jelly
 56514 | Slime:5  | Killed the Royal Jelly
 56647 | Slime:5  | Identified the staff "Zeureppu" {rN+ Str+4 Necro}
 56655 | Slime:5  | Identified the +1 leather armour of Keodiju {Regen+ Int+3}
 56683 | Slime:5  | Identified the +7 trident of Hulolocu {flame, +Blink rElec
                  | rCorr Int-5}
 56701 | Slime:5  | Got a slimy rune of Zot
 56738 | Slime:5  | Identified the amulet of Ciesei {Regen+ Int+2}
 56753 | Slime:5  | Identified the +7 glaive of Siasus Kusi {heavy, rElec rPois
                  | Str-3 Int+2}
 56769 | Slime:5  | Identified the +3 flail "Zajalema" {heavy, *Rage rN+++
                  | Str+4 Int-4}
 56777 | Slime:5  | Identified the +4 spear of Benevolence {flame, +Blink rN++
                  | Str+2 Dex-3}
 56784 | Slime:5  | Identified the +2 scale mail of Greater Demons {Int+3}
 57061 | Temple   | Found a transporter.
 57061 | Temple   | Found a transporter.
 57061 | Temple   | Found a transporter.
 57061 | Temple   | Found a transporter.
 57061 | Temple   | Entered the Ecumenical Temple
 57079 | Temple   | Fell from the grace of Trog
 57079 | Temple   | Became a worshipper of Zin the Law-Giver
 57079 | Temple   | Reached * piety under Zin
 57079 | Temple   | Reached ** piety under Zin
 57080 | Temple   | Donated 1560 gold pieces to Zin
 57081 | Temple   | Donated 780 gold pieces to Zin
 57082 | Temple   | Donated 390 gold pieces to Zin
 57113 | D:4      | Reached *** piety under Zin
 57212 | D:4      | Reached **** piety under Zin
 57403 | D:4      | Reached ***** piety under Zin
 57804 | D:4      | Fell from the grace of Zin
 57804 | D:4      | Became a worshipper of the Shining One
 57804 | D:4      | Reached * piety under the Shining One
 57804 | D:4      | Reached ** piety under the Shining One
 58115 | Crypt:1  | Entered Level 1 of the Crypt
 58132 | Crypt:1  | Reached *** piety under the Shining One
 58144 | Crypt:1  | Reached **** piety under the Shining One
 58278 | Crypt:1  | Reached ***** piety under the Shining One
 58331 | Crypt:1  | Noticed a royal mummy
 58335 | Crypt:1  | Noticed Khufu
 58345 | Crypt:1  | Killed a royal mummy
 58355 | Crypt:1  | Killed Khufu
 58360 | Crypt:1  | Noticed Xtahua
 58365 | Crypt:1  | Reached skill level 5 in Invocations
 58377 | Crypt:1  | Killed Xtahua
 58603 | Crypt:1  | Reached ****** piety under the Shining One
 58619 | Crypt:1  | Noticed Zenata
 58628 | Crypt:1  | Identified a +9 broad axe of holy wrath (a +9 broad axe of
                  | flaming blessed by the Shining One)
 58628 | Crypt:1  | Received a gift from the Shining One
 58639 | Crypt:1  | Killed Zenata
 58651 | Crypt:1  | Reached skill level 10 in Invocations
 58724 | Crypt:1  | Identified the +7 broad axe "Risyad Xidd" {elec, rC+}
 60001 | Crypt:3  | Entered Level 3 of the Crypt
 60429 | Crypt:3  | Paralysed by Trog for 5 turns
 60488 | Crypt:3  | Reached skill level 15 in Invocations
 60598 | Crypt:3  | Found a staircase to the Tomb.
 61081 | Crypt:3  | Identified the staff "Inyac" {rF+ Stlth+ Fire}
 61103 | Crypt:3  | Got a moldy book
 61399 | Tomb:1   | Entered Level 1 of the Tomb of the Ancients
 61960 | Tomb:1   | Noticed a royal mummy
 61973 | Tomb:1   | Killed a royal mummy
 61977 | Tomb:1   | Noticed a royal mummy
 61986 | Tomb:1   | Killed a royal mummy
 62336 | Tomb:1   | Identified the +7 dagger "Uklimo Date" {flame, rF++ Dex-5}
 62523 | Tomb:2   | Noticed a royal mummy
 62525 | Tomb:2   | Noticed a royal mummy
 62529 | Tomb:2   | Noticed a royal mummy
 62530 | Tomb:2   | Noticed a royal mummy
 62530 | Tomb:2   | Noticed a royal mummy
 62551 | Tomb:2   | Killed a royal mummy
 62559 | Tomb:1   | Killed a royal mummy
 62560 | Tomb:1   | Killed a royal mummy
 62725 | Tomb:2   | Killed a royal mummy
 62733 | Tomb:2   | Killed a royal mummy
 63048 | Tomb:2   | Identified the +6 rapier of the Lesser Evil {elec, Str+3}
 63335 | Tomb:1   | Noticed a royal mummy
 63335 | Tomb:1   | Noticed a royal mummy
 63336 | Tomb:1   | Noticed a royal mummy
 63336 | Tomb:1   | Noticed a royal mummy
 63338 | Tomb:1   | Noticed a royal mummy
 63338 | Tomb:1   | Noticed a royal mummy
 63338 | Tomb:1   | Noticed a royal mummy
 63339 | Tomb:1   | Noticed a royal mummy
 63988 | Tomb:1   | Noticed a royal mummy
 63993 | Tomb:1   | Killed a royal mummy
 63994 | Tomb:1   | Killed a royal mummy
 63997 | Tomb:1   | Killed a royal mummy
 64003 | Tomb:1   | Killed a royal mummy
 64006 | Tomb:1   | Killed a royal mummy
 64017 | Tomb:1   | Noticed a royal mummy
 64021 | Tomb:1   | Killed a royal mummy
 64021 | Tomb:1   | Lost intelligence.
 64027 | Tomb:1   | Noticed a royal mummy
 64031 | Tomb:1   | Killed a royal mummy
 64031 | Tomb:1   | HP: 19/409 [ushabti] (7)]
 64031 | Tomb:1   | HP: 7/409 [royal mummy/divine providence (13)]
 64032 | Tomb:1   | Killed a royal mummy
 64034 | Tomb:1   | Killed a royal mummy
 64036 | Tomb:1   | HP: 17/409 [something] (1)]
 64037 | Tomb:1   | HP: 5/409 [something] (4)]
 64037 | Tomb:1   | Succumbed to something's dark miasma

Illustrated notes

Levels and vault maps discovered:
D:1:      mrwooster_arrival_statue, layout_basic, serial_park_tiny_pond,
          minmay_tetromino_t2
D:2:      layout_loops_corners, nicolae_grassy_gnolls
D:3:      layout_basic, nicolae_ru_awakened_eye, minmay_between, uniq_terence
D:4:      layout_rooms, mainiacjoe_overflow_catwalk, minmay_temple_entry_tees,
          uniq_crazy_yiuf_cottage, uniq_blork_the_orc
D:5:      layout_basic, serial_shops, nicolae_square_shop
D:6:      layout_basic, lemuel_tele_altar, small_statue_intersection
D:7:      hellmonk_ruined_rings, layout_gridville, hangedman_decor_slide_cut
D:8:      layout_basic, mainiacjoe_overflow_concentric_impassable
D:9:      layout_rooms, okawaru_metal_pillars_1_2, minmay_diamond_spiral,
          uniq_erica, uniq_grum
D:10:     layout_small_grid, dpeg_lair_monsters, serial_shops, shop_fountains,
          minmay_shattered_shrine
D:11:     minmay_tile_spiral, layout_irregular_city, nicolae_nh_vlads_tower
D:12:     layout_irregular_city, david_orc_1_choice, serial_shops, shop,
          nicolae_inconvenience_store
D:13:     layout_basic, nemelex_lonely_heart_becter, uniq_jorgrun
D:14:     layout_gridville, david_vaults_5, gammafunk_ghost_fury_of_okawaru,
          kennysheep_nub
D:15:     hellmonk_depths_entry_around_the_bend, layout_rooms,
          grunt_gozag_statues, minmay_misc_feat_four_crosses
Temple:   hellmonk_temple_divided_pantheon
Lair:1:   layout_regular_city, gauntlet_entry_generic, beast_lair_carwin_8
Lair:2:   layout_gridlike, swamp_mist, portal_ice_cave_entry_pillars_2,
          lemuel_fruit_tree
Lair:3:   nzn_motion_control, layout_cave_pods,
          nicolae_snake_entry_warm_welcome, st_stairs_5
Lair:4:   layout_gridlike, minmay_slime_entry_oklob_open, lemuel_fruit_fields,
          lemuel_fruit_fields
Lair:5:   gammafunk_lair_ancient_temple, layout_gridlike, serial_bayou_shore_a
Swamp:1:  nicolae_swamp_secret_spriggan_hideout, layout_basic_swamp,
          nicolae_swamp_round_clearing
Swamp:2:  layout_basic_swamp, evilmike_swamp_ruin_house_6
Swamp:3:  layout_falls_marsh, nicolae_swamp_little_swirl, uniq_mara,
          uniq_roxanne
Swamp:4:  swamp, layout_basic_swamp, gammafunk_ghost_hydra_chop, swamp_pool4,
          hangedman_swamp_blocks, nicolae_swamp_necromancy_gone_wrong
Snake:1:  layout_chambers, grunt_megastairs_3
Snake:2:  layout_honeycomb, serial_bayou_crossing, uniq_donald, uniq_louise
Snake:3:  layout_honeycomb, basic_altar, nicolae_snake_gridmaze_entwining,
          uniq_saint_roka
Snake:4:  grunt_snake_rune_spirals, layout_onion_interference,
          nicolae_snake_springs, uniq_aizul
Slime:1:  cheibrodos_slime_lost_civilization_2, layout_caves,
          cheibrodos_slime_lost_civilization_5
Slime:2:  layout_caves
Slime:3:  layout_caves, cheibrodos_slime_lost_civilization_6
Slime:4:  layout_caves, basic_altar
Slime:5:  slime_pit
Orc:1:    layout_diamond_mine, uniq_nergalle
Orc:2:    grunt_orc_community_town_hall, layout_caves,
          grunt_orc_community_big_house_1, grunt_orc_community_big_house_1,
          grunt_orc_community_house_1, grunt_orc_community_house_1,
          grunt_orc_community_house_2, grunt_orc_community_house_2,
          grunt_orc_community_house_1, grunt_orc_community_house_2, special_room
Vaults:1: v_misc_17, nicolae_vaults_trapezoid_1, vaults_dpeg_emergency_exit,
          nicolae_vaults_little_squares_4, nicolae_vaults_two_Ls,
          vaults_room_door_ring, nicolae_vaults_murder_corner,
          hangedman_vaults_trim, layout_vaults_big_room, serial_shops
Vaults:2: nicolae_vaults_asterisk, nicolae_vaults_octothorpe,
          nicolae_vaults_lightning_bolt, nicolae_vaults_house_1,
          nicolae_vaults_storing_the_good_stuff, v_rooms_5,
          nicolae_vaults_two_Ls, layout_vaults_omnicross
Vaults:3: nicolae_vaults_gold_heap, vaults_dpeg_ring,
          nicolae_vaults_little_squares_1, v_misc_17, ontoclasm_vaults_fault,
          minmay_crypt_entry_simple_sparse, nicolae_vaults_house_3, v_misc_23,
          nicolae_vaults_tetromino_L_2, nicolae_vaults_little_ls,
          nicolae_vaults_closet_pinwheel_4, nicolae_vaults_asterisk,
          nicolae_vaults_tetromino_Z_1, layout_vaults_omnigrid, serial_shops,
          nicolae_shop_stone, shop
Vaults:4: nicolae_vaults_ellipses_ellipsis, nicolae_vaults_mini_display_case,
          hangedman_vaults_snaps, hangedman_vaults_trim, grunt_vaults_diagonal,
          ontoclasm_vaults_gateway, nicolae_vaults_taking_the_gang_shopping,
          nicolae_vaults_network_periphery, v_misc_14, vaults_dpeg_doors,
          nicolae_vaults_tetromino_L_1, nicolae_vaults_little_squares_5,
          nicolae_vaults_tetromino_T_2, layout_vaults_ring, uniq_norris,
          uniq_mennas
Vaults:5: serial_shops, uniq_jory
Crypt:1:  layout_chaotic_city, nicolae_crypt_ancient_font,
          nicolae_crypt_twisting_catacombs, grunt_crypt_arrival_guarded_gate,
          grunt_megastairs_1, uniq_xtahua, uniq_zenata, uniq_khufu
Crypt:2:  layout_chaotic_city
Crypt:3:  due_elkab, layout_chaotic_city, nicolae_tomb_entry_grand_gallery
Tomb:1
Tomb:2
Depths:1: layout_gridville, grunt_metal_band, minmay_misc_feat_encased,
          ebering_ghost_inner_flame, abyss_entry, grunt_decor_arrowhead,
          minmay_mirror_moons_of_madness
Depths:2: evilmike_diamond_2, layout_gridlike, rand_demon_pan_entry_4,
          hell_entry, roderic_lattice_octagonal_star
Depths:3: grunt_forest_end_chambers, layout_basic, hell_entry, abyss_entry,
          minmay_misc_feat_five, nrook_mini_vaults, minmay_tree_intersection,
          minmay_checkered_concentric_circles, infiniplex_staircase_zigzag_4,
          uniq_sojobo
Depths:4: grunt_crosshair, layout_basic, enter_ziggurat_f,
          minmay_room_of_horrors, hell_entry, nicolae_figureground_sparkle,
          uniq_enchantress, uniq_frederick
Zot:1:    layout_cathedral_of_symmetry, grunt_ministairs_7, grunt_megastairs_2,
          uniq_grunn
Zot:2:    layout_basic
Zot:3:    layout_twisted_circle, hangedman_zot_decor_tridents,
          hangedman_zot_decor_checkerboard
Zot:4:    layout_basic, grunt_megastairs_4, uniq_parghit
Zot:5:    layout_cathedral_of_symmetry, lemuel_golem_globe

Skill      XL: |  1  2  3  4  5  6  7  8  9 10 11 12 13 14 15 16 17 18 19 20 21 22 23 24 25 26 27 |
---------------+----------------------------------------------------------------------------------+-----
Fighting       | 4 5 6 7 8 9 10 12 13 14 16 17 18 19 20 21 22 23 24 25 26 27 | 27.0
Dodging        | 2 3 4 5 6 7 8 9 10 11 12 13 14 16 17 18 19 | 19.5
Axes           | 5 6 7 8 10 11 14 15 17 19 20 21 22 23 24 25 26 27 | 27.0
Armour         | 3 4 5 7 8 9 10 12 13 14 15 16 17 18 19 20 21 22 23 24 25 26 | 26.5
Throwing       | 3 6 8 9 10 11 12 13 | 13.0
Shields        | 8 12 16 19 | 19.8
Invocations    | 20 | 20.0

Action                     |  1- 3 |  4- 6 |  7- 9 | 10-12 | 13-15 | 16-18 | 19-21 | 22-24 | 25-27 || total
---------------------------+-------+-------+-------+-------+-------+-------+-------+-------+-------++-------
  Melee: Hand axe          |   102 |   173 |   159 |   207 |       |       |       |       |       ||   641
         Punch             |     1 |     4 |     2 |     4 |       |       |       |       |       ||    11
         War axe           |       |       |    49 |       |       |       |       |       |       ||    49
         Battleaxe         |       |       |       |   105 |   548 |       |       |       |       ||   653
         Executioner's axe |       |       |       |       |   443 |   935 |   974 |   901 |       ||  3253
         Broad axe         |       |       |       |       |       |       |       |   285 |  1987 ||  2272
  Throw: Boomerang         |       |       |    13 |     5 |    63 |    43 |     7 |    29 |    25 ||   185
         Javelin           |       |       |       |       |     1 |       |       |    10 |     6 ||    17
 Invoke: Berserk           |     5 |     5 |     5 |    12 |    13 |     6 |     6 |    10 |     9 ||    71
         Trog's Hand       |       |       |       |     5 |     9 |     4 |     2 |     6 |     4 ||    30
         Brothers in Arms  |       |       |       |     2 |     1 |     4 |       |     3 |    11 ||    21
         Cleansing Flame   |       |       |       |       |       |       |       |       |    48 ||    48
         Divine Shield     |       |       |       |       |       |       |       |       |     9 ||     9
         Donate Gold       |       |       |       |       |       |       |       |       |     3 ||     3
         Summon Divine War |       |       |       |       |       |       |       |       |     3 ||     3
         Brand Weapon With |       |       |       |       |       |       |       |       |     1 ||     1
  Evoke: Wand              |       |       |       |       |     1 |       |       |     2 |     1 ||     4
         Box of beasts     |       |       |       |       |     1 |       |       |       |     1 ||     2
         Phantom mirror    |       |       |       |       |     1 |       |       |       |     1 ||     2
    Use: Scroll            |     4 |     3 |    12 |     5 |    19 |     5 |     2 |    13 |    45 ||   108
         Potion            |       |       |       |       |     2 |       |     3 |    14 |     7 ||    26
   Stab: Sleeping          |     1 |       |       |       |     2 |     1 |     4 |       |       ||     8
         Distracted        |       |       |       |       |       |       |       |     3 |     3 ||     6
         Invisible         |       |       |       |       |       |       |       |     1 |       ||     1
 Armour: Animal skin       |    31 |       |       |       |       |       |       |       |       ||    31
         Leather armour    |    33 |    22 |       |       |       |       |       |       |       ||    55
         Chain mail        |       |   104 |   199 |   218 |       |       |   257 |   776 |   376 ||  1930
         Swamp dragon scal |       |       |       |    93 |    30 |       |       |       |       ||   123
         Steam dragon scal |       |       |       |    45 |       |       |       |       |       ||    45
         Quicksilver drago |       |       |       |       |   722 |   161 |   328 |       |       ||  1211
         Plate armour      |       |       |       |       |       |   824 |   279 |       |       ||  1103
         Gold dragon scale |       |       |       |       |       |       |       |       |   933 ||   933
  Dodge: Dodged            |    52 |    84 |   125 |   164 |   533 |   483 |   662 |   703 |  1340 ||  4146
  Block: Buckler           |       |       |       |       |       |       |       |   115 |    31 ||   146
         Reflection        |       |       |       |       |       |       |       |    25 |     3 ||    28
         Kite shield       |       |       |       |       |       |       |       |       |  1719 ||  1719

Table legend: (Time is in decaauts)
 A = Elapsed time spent in this place.
 B = Non-inter-level travel time spent in this place.
 C = Inter-level travel time spent in this place.
 D = Time resting spent in this place.
 E = Time spent auto-exploring this place.
 F = Levels seen in this place.
 G = Mean time per level.
                   A        B        C        D        E       F      G
               +--------+--------+--------+--------+--------+-----+--------+
         Total |  63634 |  54686 |   8948 |   3581 |  38388 |  59 | 1078.5 |
       Dungeon |  16169 |  13060 |   3109 |   1372 |   8928 |  15 | 1077.9 |
        Temple |     39 |     32 |      7 |      0 |      0 |   1 |   39.0 |
          Lair |   5398 |   4567 |    831 |      7 |   3572 |   5 | 1079.6 |
         Swamp |   3698 |   3284 |    414 |    191 |   2421 |   4 |  924.5 |
     Snake Pit |   5228 |   4665 |    563 |     12 |   3870 |   4 | 1307.0 |
    Slime Pits |    541 |    490 |     51 |     29 |    116 |   5 |  108.2 |
  Orcish Mines |   1735 |   1483 |    252 |     41 |   1165 |   2 |  867.5 |
        Vaults |   8381 |   6919 |   1462 |    258 |   5127 |   5 | 1676.2 |
         Crypt |   3195 |   2998 |    197 |     89 |   2137 |   3 | 1065.0 |
          Tomb |   2709 |   2458 |    251 |    673 |   1105 |   2 | 1354.5 |
        Depths |   6784 |   5418 |   1366 |     60 |   4192 |   4 | 1696.0 |
           Zot |   7033 |   6592 |    441 |    276 |   4779 |   5 | 1406.6 |
         Abyss |   1660 |   1660 |      0 |    392 |    567 |   2 |  830.0 |
      Ice Cave |    666 |    666 |      0 |    123 |    299 |   1 |  666.0 |
      Gauntlet |    392 |    392 |      0 |     55 |    106 |   1 |  392.0 |
               +--------+--------+--------+--------+--------+-----+--------+

Top non-repeatable levels by time:
    D:14: 2159 daAuts
Depths:3: 2155 daAuts
Depths:2: 2103 daAuts
   Zot:5: 2001 daAuts
Vaults:3: 1951 daAuts
Vaults:5: 1923 daAuts
  Tomb:1: 1791 daAuts
Vaults:4: 1782 daAuts
    D:10: 1657 daAuts
   Zot:4: 1560 daAuts
Vaults:2: 1548 daAuts
    D:12: 1516 daAuts
Depths:4: 1497 daAuts
 Snake:1: 1456 daAuts
     D:4: 1453 daAuts
